 Dungeon Sprint DCSS version 0.20-a0-1006-ge6c5631 (webtiles) character file.

191 lordofallpotatos the Summoner (level 5, -2/41 HPs)
             Began as a Barachi Summoner on Apr 13, 2017.
             Was a Believer of Yredelemnul.
             Slain by a death cob (28 damage)
             ... in the Dungeon (Sprint V: "Ziggurat Sprint").
             The game lasted 00:10:46 (634 turns).

lordofallpotatos the Summoner (Barachi Summoner)     Turns: 634, Time: 00:10:47

Health: -2/41      AC:  2    Str:  9    XL:     5   Next: 70%
Magic:  8/20       EV: 15    Int: 35    God:    Yredelemnul [**....]
Gold:   0          SH:  0    Dex: 12    Spells: 5/18 levels left

rFire    . . .     SeeInvis .   y - +6 Majin-Bo {vamp, Archmagi MP+6 Int+6}
rCold    + . .     Gourm    +   (shield currently unavailable)
rNeg     . . .     Faith    .   a - +0 robe
rPois    +         Spirit   .   (no helmet)
rElec    .         Reflect  .   (no cloak)
rCorr    .         Harm     .   (no gloves)
MR       .....     NoTele   +   (no boots)
Stlth    ++........             t - amulet of Qesynykh {Gourm rPois rC+}
Regen    0.2/turn               A - +6 ring of intelligence
MPRegen  0.2/turn               B - +6 ring of intelligence

@: slowed, very slow
A: +LOS, swims, slowness 1, strong legs 1
a: Hop, Animate Remains, Recall Undead Slaves, Injury Mirror, Renounce Religion


You were in the Dungeon.
You worshipped Yredelemnul.
Yredelemnul was pleased with you.
You were not hungry.

You visited 1 branch

Inventory:

Hand Weapons
 y - the +6 Majin-Bo (weapon) {vamp, Archmagi MP+6 Int+6}
   (You found it in the Dungeon)

   It inflicts no extra harm, but heals its wielder when it wounds a living foe.
   It affects your intelligence (+6).
   It affects your magic capacity (+6).
Armour
 a - a +0 robe (worn)
Jewellery
 t - the amulet of Qesynykh (around neck) {Gourm rPois rC+}
   (You found it in the Dungeon)

   [amulet of the gourmand]

   It allows you to eat raw meat even when not hungry.
   It protects you from cold.
   It protects you from poison.
 A - a +6 ring of intelligence (left hand)
 B - a +6 ring of intelligence (right hand)
Scrolls
 i - 4 scrolls of blinking
 j - 4 scrolls of amnesia
 k - 3 scrolls of recharging
 l - 7 scrolls of fog
 m - a scroll of holy word
 n - 5 scrolls of identify
 o - 5 scrolls of remove curse
 p - 2 scrolls of fear
Potions
 d - 9 potions of curing
 e - 6 potions of heal wounds
 f - 6 potions of haste
 g - 7 potions of magic
 h - 3 potions of berserk rage
 q - 2 potions of brilliance
 r - 2 potions of invisibility
 s - 4 potions of resistance
 u - 5 potions of agility
 v - 5 potions of might
Books
 b - a book of Callings

   Spells                             Type                      Level
   a - Summon Small Mammal            Summoning                    1
   b - Call Imp                       Summoning                    2
   c - Call Canine Familiar           Summoning                    3
   d - Summon Guardian Golem          Hexes/Summoning              3
   e - Summon Lightning Spire         Summoning/Air                4
   f - Summon Ice Beast               Ice/Summoning                4
Comestibles
 c - 5 bread rations
 w - 42 fruits
 x - 3 meat rations


   Skills:
 - Level 3.1 Fighting
 - Level 2.8 Staves
 + Level 6.4 Dodging
 + Level 1.7 Stealth
 + Level 7.2 Spellcasting
 - Level 1.3 Hexes
 + Level 9.5 Summonings
 - Level 1.2 Ice Magic


You had 5 spell levels left.
You knew the following spells:

 Your Spells              Type           Power        Failure   Level  Hunger
a - Summon Small Mammal   Summ           ####         1%          1    None
b - Call Imp              Summ           #######.     1%          2    None
c - Call Canine Familiar  Summ           #######.     1%          3    None
d - Summon Guardian Gole  Hex/Summ       ######..     1%          3    None
e - Summon Ice Beast      Ice/Summ       ######..     4%          4    None


Dungeon Overview and Level Annotations

Branches:
Dungeon (1/1)

Altars:
Ashenzari
Cheibriados
Dithmenos
Elyvilon
Fedhas
Gozag
Hepliaklqana
Kikubaaqudgha
Makhleb
Nemelex Xobeh
Okawaru
Qazlal
Ru
Sif Muna
Trog
Uskayaw
Vehumet
Wu Jian
Xom
Yredelemnul
Zin
The Shining One
Beogh
Jiyva
Lugonu


Innate Abilities, Weirdness & Mutations

Shadows flee at your approach. (+LOS)
You can swim through water.
You cover ground slowly.
You can hop short distances.


Message History

Casting: Summon Ice Beast
Confirm with . or Enter, or press ? or * to list all spells.
You feel a surge of power! A chill wind blows around you.
Your ice beast barely misses the yellow draconian.
Casting: Summon Ice Beast
Confirm with . or Enter, or press ? or * to list all spells.
You feel a surge of power! A chill wind blows around you.
The draconian roars!
The death cob hits you!!
Ouch! That really hurt!
* * * LOW HITPOINT WARNING * * *
The death cob drains your vigour!
You feel yourself slow down. The death cob hits you.
* * * LOW HITPOINT WARNING * * *
Your ice beast misses the death cob.
Your ice beast hits the yellow draconian but does no damage.
You feel much better. The death cob barely misses you. The death cob hits you!!
Ouch! That really hurt!
You die...
Your body rises from the dead as a mindless zombie.

▓.....▓.....▓▓▓▓▓▓▓
▓▓▓▓▓▓▓▓▓▓▓▓▓▓
▓..8©8...▓
▓..:|[...▓
▓...dd...▓
▓........▓
.Y..YY..▓
▓.▓dz..▓.▓
▓...@....▓
▓▓▓▓▓▓▓▓▓▓


You could see a yellow draconian, a death cob, 2 draconians and 3 friendly ice
beasts.

Vanquished Creatures
  An adder zombie (D)
1 creature vanquished.

Vanquished Creatures (collateral kills)
  A water moccasin (D)
  A necrophage (D)
  A phantom (D)
  2 orc wizards (D)
  An adder (D)
  An orc (D)
  A leopard gecko skeleton (D)
8 creatures vanquished.

Grand Total: 9 creatures vanquished

Notes
Turn   | Place    | Note
-------+----------+-------------------------------------------
     0 | D        | lordofallpotatos the Barachi Summoner began the quest for the Orb.
     0 | D        | Reached XP level 1. HP: 13/13 MP: 3/3
     0 | D        | Found a viscous altar of Jiyva.
     0 | D        | Found an ancient bone altar of Kikubaaqudgha.
     0 | D        | Found a hazy altar of Hepliaklqana.
     0 | D        | Found a corrupted altar of Lugonu.
     0 | D        | Found an opulent altar of Gozag.
     0 | D        | Found a burning altar of Makhleb.
    43 | D        | Reached skill level 5 in Summonings
    43 | D        | Reached XP level 2. HP: 24/24 MP: 3/7
   139 | D        | Learned a level 2 spell: Call Imp
   156 | D        | Became a worshipper of Yredelemnul the Dark
   219 | D        | Entered arena 1.
   219 | D        | Noticed a water moccasin
   227 | D        | Reached skill level 6 in Summonings
   233 | D        | Killed a water moccasin
   233 | D        | Reached skill level 5 in Dodging
   233 | D        | Reached skill level 5 in Spellcasting
   233 | D        | Reached skill level 7 in Summonings
   233 | D        | Reached XP level 3. HP: 12/29 MP: 8/9
   233 | D        | Reached XP level 4. HP: 14/35 MP: 9/11
   239 | D        | Got the ring of Yendor {*Corrode +Fly rN+ Dex+6 SInv}
   249 | D        | Learned a level 3 spell: Call Canine Familiar
   253 | D        | Learned a level 3 spell: Summon Guardian Golem
   258 | D        | Learned a level 4 spell: Summon Ice Beast
   293 | D        | Entered arena 2.
   298 | D        | Reached * piety under Yredelemnul
   298 | D        | Reached skill level 8 in Summonings
   313 | D        | Got the amulet of Qesynykh {Gourm rPois rC+}
   484 | D        | Entered arena 3.
   484 | D        | Noticed a necrophage
   484 | D        | Noticed a phantom
   488 | D        | Reached ** piety under Yredelemnul
   502 | D        | Killed a necrophage
   502 | D        | Reached skill level 9 in Summonings
   502 | D        | Reached XP level 5. HP: 40/41 MP: 3/14
   505 | D        | Killed a phantom
   505 | D        | Reached skill level 1 in Hexes
   505 | D        | Reached skill level 1 in Ice Magic
   630 | D        | Entered arena 4.
   630 | D        | Noticed a yellow draconian
   630 | D        | Noticed a draconian
   630 | D        | Noticed a draconian
   630 | D        | Noticed a death cob
   634 | D        | Slain by a death cob

Vault maps used:
D:        sprint_v

Skill      XL: |  1  2  3  4  5 |
---------------+----------------+-----
Fighting       | 3 |  3.1
Staves         | 2 |  2.8
Dodging        | 4 5 6 |  6.4
Spellcasting   | 4 5 6 7 |  7.2
Summonings     | 5 7 9 |  9.5
Hexes          | 1 |  1.3
Ice Magic      | 1 |  1.2
Stealth        | |  1.7

Action                   |  1- 3 |  4- 6 || total
-------------------------+-------+-------++-------
Melee: Quarterstaff      |       |     8 ||     8
 Cast: Call Imp          |     3 |     2 ||     5
       Call Canine Famil |       |     4 ||     4
       Summon Ice Beast  |       |     6 ||     6
       Summon Guardian G |       |     2 ||     2
Invok: Animate Remains   |       |     1 ||     1
 Abil: Hop               |     2 |     1 ||     3
  Use: Potion            |     1 |     5 ||     6
  Eat: Meat ration       |     1 |       ||     1
Armor: Robe              |     1 |     2 ||     3
Dodge: Dodged            |     6 |    13 ||    19
